Map: Dragon Scales LE

Players

DarkPredator

  • Race: Terran Terran
  • League: Gold
  • Spawn Location: 11:00

MattBarry - Winner!

  • Race: Zerg Zerg
  • League: Gold
  • Spawn Location: 5:00

VOD

Have the link to the VOD?

Description

Time

  • Played on: Feb. 10, 2023, 6:51 p.m.
  • Length: 33:39
Show
View Real Time Build Order
Export as new Build Order

DarkPredator Terran 

Build Orders: 2 Factory, Hellion Opening 

Get SALT Encoding   

  12  0:00  SCV  
  13  0:16  SCV  
  13  0:19  Supply Depot  
  14  0:29  Refinery  
  14  0:30  SCV  
  15  0:42  SCV  
  16  0:46  Barracks  
  16  0:55  SCV  
  17  1:02  Refinery  
  17  1:07  SCV  
  18  1:25  SCV  
  19  1:34  Supply Depot  
  19  1:36  Factory  
  19  1:37  SCV  
  20  1:50  Barracks Reactor  
  20  1:59  Orbital Command  
  20  2:06  Factory  
  20  2:23  Supply Depot  
  20  2:25  Supply Depot  
  20  2:30  SCV  
  20  2:36  Marine  
  22  2:38  Marine  
  22  2:42  SCV  
  23  2:54  Hellion x2  
  27  3:02  Armory  
  27  3:04  SCV  
  28  3:16  SCV  
  29  3:22  Hellion x2  
  33  3:30  Marine  
  33  3:31  Marine  
  35  3:42  Starport  
  35  3:45  Hellion x2  
  39  3:51  Marine x2  
  41  4:07  Supply Depot  
  41  4:09  Marine x2  
  43  4:11  Factory Tech Lab  
  43  4:22  Fusion Core  
  43  4:23  Starport Tech Lab  
  43  4:53  Command Center  
  43  5:02  Factory Tech Lab  
  43  5:04  SCV  
  34  5:35  Battlecruiser  
  30  5:42  Cyclone  
  33  5:44  Marine x2  
  35  5:52  Bunker  
  35  6:02  Marine x2  
  37  6:05  Siege Tank  
  40  6:30  Marine x2  
  42  6:34  Orbital Command  
  42  6:49  Marine x2  
  42  6:50  Cyclone x2  
  42  6:51  Mag-Field Accelerator  
  50  7:22  Cyclone  
  53  7:28  Orbital Command  
  53  7:30  Cyclone  
  56  7:54  Cyclone  
  56  7:57  Bunker  
  59  7:59  Bunker  
  59  8:00  Marine x2  
  61  8:16  Cyclone  
  61  8:18  Marine x2  
  66  8:26  Cyclone  
  69  8:37  SCV  
  70  8:48  Supply Depot  
  70  9:09  SCV, Siege Tank  
  74  9:10  Refinery x2  
  74  9:21  SCV  
  75  9:25  Hellion  
  77  9:33  SCV  
  78  9:40  Supply Depot  
  78  10:02  SCV x2, Hellion x2  
  84  10:14  SCV  
  84  10:20  Barracks  
  84  10:21  Terran Vehicle Weapons Level 1  
  85  10:26  SCV, Engineering Bay  
  83  11:05  Supply Depot  
  83  11:09  Supply Depot  
  83  11:13  Advanced Ballistics  
  83  11:15  Command Center  
  83  11:20  Starport  
  83  11:30  Barracks Tech Lab  
  83  11:37  Marine  
  83  11:38  Marine  
  85  11:56  Siege Tank  
  85  11:57  Siege Tank  
  85  11:58  Marine x2, Marauder  
  89  12:16  Marine x2  
  89  12:19  Marine  
  86  12:34  Marine x2  
  88  12:38  Marauder  
  81  12:52  Marine  
  82  12:59  Marauder  
  82  13:05  Marine  
  84  13:08  Siege Tank x2  
  84  13:09  Marine  
  84  13:11  Terran Infantry Weapons Level 1  
  91  13:20  Terran Vehicle Weapons Level 2, Marauder  
  93  13:36  Marine  
  93  13:37  Marine  
  95  13:42  Marauder  
  97  13:54  Marine  
  98  14:03  Marauder  
  98  14:05  Liberator  
  98  14:06  Liberator  
  106  14:25  Marauder  
  106  14:28  Siege Tank  
  106  14:29  Siege Tank  
  114  14:48  Liberator  
  117  14:57  Planetary Fortress  
  117  15:25  Supply Depot x2  
  117  15:26  Supply Depot  
  117  15:46  Liberator  
  89  16:23  Refinery  
  89  16:33  Refinery  
  89  16:35  Marine x2, Marauder  
  93  16:46  Missile Turret x2  
  93  16:48  Missile Turret  
  93  16:52  SCV  
  93  16:53  Marine x2  
  96  16:57  Marauder  
  98  17:04  SCV  
  98  17:07  Missile Turret  
  96  17:16  SCV  
  84  17:28  SCV  
  85  17:30  Liberator x2  
  85  17:34  Siege Tank x2  
  97  17:40  SCV  
  95  18:05  Supply Depot  
  95  18:08  Supply Depot  
  95  18:12  Liberator  
  95  18:13  Liberator  
  100  18:28  Supply Depot  
  100  18:31  Marine x2  
  100  18:32  Marine  
  103  18:49  Marine x3  
  103  18:53  Supply Depot  
  91  19:07  Marine x3  
  91  19:09  Liberator x2  
  100  19:20  Thor  
  100  19:21  Thor  
  112  19:25  Marine x3  
  115  19:43  Marine x2  
  115  19:45  Supply Depot  
  117  19:46  Supply Depot  
  117  19:52  Medivac x2  
  119  20:03  Thor x2  
  131  20:19  Marine  
  131  20:20  Marine x2  
  134  20:37  Marine x3  
  134  20:39  Medivac x2  
  141  20:46  Rapid Reignition System  
  141  20:47  Terran Infantry Weapons Level 2  
  141  20:50  Terran Vehicle Weapons Level 3  
  141  20:55  Marine x2  
  143  21:33  Marine  
  143  21:34  Marine, Marauder  
  146  21:40  Command Center  
  146  21:51  Marine x2  
  148  21:54  Marine  
  148  22:33  Medivac x2  
  152  22:46  Command Center  
  152  22:48  Siege Tank x2  
  158  23:03  Medivac x2  
  158  23:04  Terran Infantry Armor Level 1  
  162  23:09  Marine x3  
  165  23:25  Stimpack  
  165  23:27  Marine x3  
  165  23:31  Terran Vehicle And Ship Armor Level 1  
  165  23:33  Medivac x2  
  172  23:45  Marine x3  
  175  24:03  Marine x2  
  177  24:13  Marine  
  178  24:21  Marine x2  
  180  24:31  Marine  
  181  24:38  Marine x2  
  183  24:49  Marine  
  184  24:56  Marine x2  
  184  24:58  Terran Infantry Weapons Level 3  
  186  25:07  Marine  
  192  25:14  Marine  
  167  25:49  SCV  
  101  27:17  Command Center  
  94  28:11  Supply Depot  
  71  28:49  Barracks  
  71  29:07  Barracks  
  47  29:35  Orbital Command  
  47  29:38  Orbital Command  
  47  29:40  Barracks Reactor  
  47  29:46  Supply Depot  
  47  29:47  Supply Depot  
  47  29:48  Refinery  
  47  29:50  Supply Depot, Refinery  
  47  29:52  Supply Depot  
  47  29:59  Command Center  
  47  30:03  Barracks Reactor  
  47  30:11  Factory  
  47  30:19  Terran Infantry Armor Level 2, Factory  
  47  30:24  SCV  
  48  30:36  SCV  
  48  30:40  Marine  
  48  30:41  Marine x3  
  53  30:48  SCV  
  54  30:52  Sensor Tower  
  54  30:58  Marine x2  
  54  30:59  Marine x2, Factory Tech Lab  
  54  31:01  SCV  
  59  31:06  Starport  
  59  31:09  Factory Tech Lab  
  59  31:13  Planetary Fortress  
  59  31:15  Starport  
  59  31:16  Marine x2  
  55  31:31  Siege Tank x2  
  55  31:32  Marine x2  
  63  31:34  Marine x2  
  64  31:50  Marine x2  
  64  31:52  Marine x2  
  68  31:56  Medivac x2  
  72  32:03  Siege Tank x2  
  72  32:07  Marine x2  
  80  32:10  Marine x2  
  82  32:15  Command Center  
  82  32:25  Marine x2  
  82  32:26  Medivac x2  
  82  32:27  Marine  
Show
View Real Time Build Order
Export as new Build Order

MattBarry Zerg - Winner!

Build Orders: Hatch First, Lurkers 

Get SALT Encoding   

  12  0:00  Drone  
  13  0:12  Overlord  
  13  0:20  Drone  
  14  0:30  Drone x2  
  16  0:37  Drone  
  17  0:55  Hatchery  
  16  1:01  Drone x2  
  18  1:09  Extractor  
  17  1:18  Spawning Pool  
  16  1:21  Drone  
  16  1:22  Drone  
  18  1:27  Drone  
  19  1:38  Drone  
  20  1:55  Drone  
  21  2:03  Overlord  
  21  2:07  Queen x2  
  25  2:08  Zergling x2  
  25  2:15  Metabolic Boost  
  26  2:19  Drone x2  
  28  2:27  Roach Warren  
  28  2:28  Drone  
  28  2:31  Zergling x2  
  29  2:45  Extractor  
  29  2:50  Queen x2  
  32  2:54  Drone x2  
  34  3:01  Overlord  
  34  3:11  Drone x2  
  36  3:13  Overlord  
  36  3:16  Overlord  
  36  3:38  Roach  
  36  3:39  Roach x4  
  46  3:53  Queen  
  46  3:54  Queen  
  50  3:58  Spore Crawler  
  50  4:01  Spore Crawler  
  48  4:16  Drone x4  
  52  4:18  Overlord  
  52  4:36  Overlord x2  
  50  4:54  Roach x6  
  62  5:01  Spine Crawler  
  61  5:08  Evolution Chamber  
  50  5:37  Drone x14  
  64  5:51  Extractor  
  64  5:52  Extractor  
  62  6:03  Hatchery  
  61  6:07  Ravager  
  61  6:09  Lair  
  62  6:25  Zergling x6  
  64  6:31  Zerg Ground Armor Level 1  
  65  6:36  Evolution Chamber  
  65  6:37  Drone  
  65  6:38  Drone  
  66  6:53  Roach  
  68  6:54  Overlord  
  68  6:55  Overlord x2  
  68  7:03  Zerg Missile Weapons Level 1  
  67  7:19  Spore Crawler  
  67  7:20  Spore Crawler  
  61  7:42  Spore Crawler x2  
  59  7:49  Hydralisk Den  
  58  7:51  Queen  
  58  7:52  Roach, Queen x2  
  64  8:26  Hydralisk x17  
  98  8:28  Overlord  
  98  8:44  Overlord x2  
  98  8:45  Overlord  
  98  8:46  Queen x2  
  98  8:48  Grooved Spines  
  100  9:10  Drone x14  
  114  9:17  Overlord x2  
  114  9:21  Pneumatized Carapace  
  114  9:37  Drone x2  
  114  9:38  Drone x5  
  121  9:52  Zerg Ground Armor Level 2  
  121  9:53  Hydralisk x2  
  125  10:02  Ravager  
  126  10:32  Hydralisk, Zergling x2  
  126  10:33  Zergling x16  
  126  10:35  Overlord x3  
  131  10:56  Glial Reconstitution  
  131  10:59  Muscular Augments  
  131  11:07  Extractor  
  131  11:09  Extractor  
  131  11:10  Hydralisk  
  131  11:11  Hydralisk x7  
  131  11:12  Overlord  
  131  11:18  Infestation Pit  
  144  11:24  Lurker Den  
  143  11:41  Queen  
  143  11:43  Hatchery  
  143  11:45  Hatchery  
  143  11:50  Overlord x3  
  143  11:51  Zergling x4  
  143  11:52  Zergling x12  
  151  12:01  Hive  
  151  12:04  Zerg Missile Weapons Level 2  
  148  12:32  Hatchery  
  145  13:09  Ravager x4  
  145  13:12  Hydralisk x3, Zergling x12  
  155  13:13  Hydralisk x4, Zergling x2  
  170  13:25  Seismic Spines  
  170  13:31  Drone x6  
  170  13:32  Drone x8  
  184  14:09  Zerg Ground Armor Level 3  
  184  14:12  Lurker x3  
  184  14:13  Lurker x2  
  184  14:14  Lurker  
  190  14:22  Adaptive Talons  
  190  14:24  Lurker  
  188  14:53  Lurker  
  188  14:54  Lurker x2  
  188  14:59  Overseer  
  191  15:00  Overseer  
  191  15:04  Queen x3  
  197  15:14  Extractor  
  196  15:15  Extractor  
  196  15:19  Swarm Host  
  198  15:26  Extractor  
  197  15:30  Extractor  
  160  16:07  Hydralisk  
  160  16:08  Hydralisk x21  
  160  16:10  Roach x4  
  160  16:11  Overlord x2  
  183  16:23  Overseer  
  177  16:46  Hydralisk x10  
  150  17:31  Spire  
  150  17:33  Zergling x2  
  150  17:34  Zergling x34  
  150  17:35  Zergling x12  
  150  17:37  Zerg Melee Weapons Level 1  
  173  17:50  Hydralisk  
  173  17:51  Hydralisk x7  
  166  17:52  Roach x2  
  166  17:53  Roach x6  
  196  18:46  Lurker x4  
  176  19:11  Ravager  
  176  19:12  Ravager x3  
  176  19:15  Hydralisk x7  
  194  19:33  Nydus Network  
  193  19:48  Lurker  
  193  19:49  Lurker x2  
  183  20:38  Greater Spire  
  183  20:44  Drone x2  
  183  20:45  Drone x3  
  188  21:16  Zerg Melee Weapons Level 2  
  188  21:19  Zerg Missile Weapons Level 3  
  173  22:25  Hydralisk x15  
  198  22:30  Ravager x2  
  199  23:09  Nydus Network  
  199  23:10  Nydus Network  
  197  23:24  Hatchery  
  196  23:36  Hatchery  
  196  23:59  Overseer x2  
  192  24:47  Nydus Canal  
  192  24:48  Nydus Canal  
  192  24:56  Hydralisk x3  
  198  25:12  Zergling x8  
  198  25:14  Lair  
  184  25:30  Zergling x8  
  184  25:31  Zergling x18  
  197  25:45  Overlord  
  197  25:46  Overlord x4  
  152  26:21  Roach Warren  
  152  26:23  Lair  
  95  27:01  Roach x20  
  95  27:02  Roach  
  95  27:08  Hydralisk Den  
  120  27:24  Ravager x5  
  120  27:25  Ravager  
  120  27:27  Ravager x5  
  120  27:28  Ravager  
  132  27:42  Queen  
  132  27:43  Queen x2  
  113  28:02  Hydralisk x9  
  113  28:03  Hydralisk x8  
  134  28:16  Hydralisk x4  
  142  28:20  Hydralisk  
  142  28:21  Hydralisk x5  
  135  29:07  Hatchery  
  115  29:14  Hydralisk  
  115  29:15  Hydralisk x17  
  139  29:26  Nydus Network, Queen  
  139  29:27  Queen x2  
  144  29:31  Extractor  
  144  29:33  Extractor  
  142  29:46  Extractor  
  142  29:47  Extractor  
  142  29:50  Overseer  
  138  30:08  Spire  
  137  30:21  Infestation Pit  
  136  30:31  Roach x11  
  158  30:43  Spawning Pool  
  158  30:45  Roach x15  
  187  31:05  Hatchery  
  187  31:32  Zergling x2  
  187  31:33  Zergling x26  
  200  31:55  Lurker Den  
  142  33:05  Hydralisk x13  
  138  33:06  Hydralisk x2  
Tags
 
Add a new tag
Caveats
  • Supply blocks, unpowered buildings, or Contaminate may cause inaccurate times.
  • Supply counts are checked every 10 seconds.